AoeStats
← 黑暗中漫舞.

Arena

508650562Analyzed
4v4 RM · 8d ago on Sep 23, 2026· 41m 37s· 8 players
Game mode
Random Map
Map size
Large (8 player)
Population
200
Speed
Normal
Resources
Standard
Victory
Conquest
Starting age
Dark Age
Ending age
Imperial Age
RankedLock teamsTeams togetherTeam positionsShared explorationLock speedFull tech treeHidden civsTurbo modeCheats
Victory
Defeat
🇨🇳 Saxons · China
1855
+6
🇨🇳 Saxons · China
1840
+6
🇨🇳 Persians · China
1786
+8
🇨🇳 Danes · China
1674
+11
🇨🇳 Mongols · China
1675
-11
🇩🇪 Saxons · Germany
1605
-8
🇩🇰 Burgundians · Denmark
1580
-7
🇻🇳 Italians · Vietnam
1503
-5
Kylo
10:54 Feudal Age
15:05 Castle Age
15:08 Double-Bit Axe
15:05 Horse Collar
16:19 Bow Saw
17:17 Heavy Plow
19:35 Loom
20:59 Wheelbarrow
21:32 Gold Mining
23:30 Town Watch
24:05 Hand Cart
23:51 Stone Mining
28:21 Imperial Age
26:54 Gold Shaft Mining
25:52 Man-at-Arms
26:33 Squires
26:18 Arson
26:19 Gambesons
26:35 Scale Mail Armor
26:45 Forging
27:34 Chain Mail Armor
27:45 Masonry
27:33 Fletching
27:58 Fortified Wall
28:54 Iron Casting
28:24 Elite Varangian Guard
30:29 Architecture
29:28 Pikeman
31:53 Capped Ram
34:01 Plate Mail Armor
33:11 Halberdier
34:08 Siege Ram
36:39 Siege Engineers
38:39 Two-Man Saw
38:17 Crop Rotation
39:05 Town Patrol
40:52 Treadmill Crane
Lord Longshaft
4:53 Double-Bit Axe
7:12 Horse Collar
8:08 Horse Collar
10:56 Feudal Age
11:42 Gold Mining
12:46 Loom
15:29 Castle Age
14:21 Bow Saw
14:29 Heavy Plow
19:50 Wheelbarrow
20:50 Gold Mining
21:31 Stone Mining
22:44 Crop Rotation
25:22 Gold Shaft Mining
28:34 Imperial Age
25:47 Treadmill Crane
27:31 Padded Archer Armor
28:07 Hand Cart
28:05 Fletching
28:30 Leather Archer Armor
30:34 Chemistry
29:05 Elite Skirmisher
30:27 Bodkin Arrow
30:53 Masonry
32:07 Fortified Wall
33:20 Scale Barding Armor
34:18 Murder Holes
34:29 Bracer
35:44 Ballistics
35:45 Bombard Tower
36:21 Chain Barding Armor
36:38 Onager
清远华
10:07 Feudal Age
11:23 Double-Bit Axe
14:04 Castle Age
12:28 Horse Collar
15:09 Bow Saw
20:56 Wheelbarrow
23:11 Stone Mining
26:48 Imperial Age
24:04 Loom
24:43 Fletching
24:49 Gold Mining
25:21 Ballistics
25:55 Hand Cart
26:18 Gold Shaft Mining
26:19 Stone Shaft Mining
25:49 Bodkin Arrow
26:51 Elite Mangudai
28:55 Chemistry
28:39 Bracer
29:24 Padded Archer Armor
29:48 Conscription
33:33 Bloodlines
33:23 Husbandry
34:58 Parthian Tactics
34:51 Leather Archer Armor
35:33 Hoardings
35:15 Thumb Ring
36:47 Light Cavalry
37:28 Hussar
38:17 Scale Barding Armor
38:23 Forging
39:51 Careening
41:15 Chain Barding Armor
41:31 Iron Casting
This is Kawaii
9:50 Feudal Age
13:34 Castle Age
11:49 Double-Bit Axe
12:32 Horse Collar
14:32 Bow Saw
26:47 Imperial Age
24:06 Loom
24:25 Gold Mining
25:05 Fletching
26:38 Ballistics
27:18 Bodkin Arrow
28:41 Chemistry
28:07 Scale Mail Armor
29:46 Masonry
33:27 Chain Mail Armor
33:22 Forging
黑暗中漫舞.
10:51 Feudal Age
11:30 Double-Bit Axe
14:20 Castle Age
12:04 Horse Collar
15:07 Bow Saw
21:43 Wheelbarrow
22:41 Gold Mining
23:30 Hand Cart
23:13 Gold Mining
23:14 Stone Mining
23:41 Heavy Plow
24:05 Loom
28:09 Imperial Age
25:44 Town Watch
25:51 Stone Mining
26:36 Scale Barding Armor
26:42 Forging
26:55 Bloodlines
26:55 Husbandry
27:42 Chain Barding Armor
28:39 Gold Shaft Mining
27:49 Cavalier
29:47 Two-Man Saw
29:17 Crop Rotation
29:40 Conscription
29:32 Savar
31:16 Plate Barding Armor
32:08 Iron Casting
35:26 Coinage
35:10 Guilds
38:46 Blast Furnace
38:43 Light Cavalry
40:51 Fletching
41:22 Ballistics
42:03 Chemistry
41:06 Kamandaran
41:19 Citadels
40:34 Hussar
Starsky
10:02 Feudal Age
11:28 Double-Bit Axe
14:06 Castle Age
11:52 Horse Collar
15:04 Bow Saw
14:55 Heavy Plow
20:10 Wheelbarrow
21:53 Hand Cart
22:07 Gold Mining
23:39 Gold Shaft Mining
22:59 Loom
27:02 Imperial Age
24:58 Scale Mail Armor
24:47 Town Watch
24:53 Treadmill Crane
25:16 Fletching
26:08 Chain Mail Armor
26:18 Bodkin Arrow
27:05 Ballistics
28:10 Siege Engineers
28:07 Bracer
28:57 Plate Mail Armor
29:07 Masonry
30:02 Forging
30:24 Conscription
30:08 Squires
32:54 Chemistry
32:30 Iron Casting
31:50 Elite Hearth Troop
33:46 Architecture
34:34 Two-Man Saw
33:36 Arson
35:37 Shield Wall
38:20 Hoardings
H萝卜
10:10 Feudal Age
11:04 Double-Bit Axe
13:41 Castle Age
11:57 Horse Collar
14:42 Bow Saw
20:42 Heavy Plow
20:30 Loom
21:52 Gold Mining
23:06 Wheelbarrow
23:13 Gold Shaft Mining
23:37 Stone Mining
27:25 Imperial Age
25:26 Scale Mail Armor
25:51 Hand Cart
25:43 Town Watch
26:14 Forging
27:17 Chain Mail Armor
27:49 Iron Casting
27:27 Squires
27:13 Gambesons
27:15 Arson
27:59 Capped Ram
29:09 Plate Mail Armor
28:00 Elite Varangian Guard
29:17 Conscription
28:47 Elite Varangian Guard
29:41 Siege Ram
29:57 Shield Wall
33:07 Two-Man Saw
32:56 Fletching
34:56 Ballistics
36:31 Bodkin Arrow
36:36 Padded Archer Armor
37:31 Bracer
37:35 Padded Archer Armor
37:00 Elite Skirmisher
38:19 Bracer
38:13 Heavy Mounted Crossbowman
38:14 Cranequins
38:45 Cranequins
41:10 Chemistry
41:34 Ballistics
41:54 Thumb Ring
Chase_Li
3:18 Loom
10:19 Feudal Age
11:13 Double-Bit Axe
14:11 Castle Age
12:24 Horse Collar
15:51 Bow Saw
18:55 Loom
19:04 Loom
20:59 Wheelbarrow
21:46 Town Watch
24:11 Gold Mining
27:36 Imperial Age
26:31 Squires
26:32 Scale Mail Armor
28:18 Hand Cart
28:07 Capped Ram
29:13 Chain Mail Armor
29:11 Arson
31:25 Plate Mail Armor
33:08 Forging
34:03 Fletching
34:48 Bodkin Arrow
36:20 Bracer
36:54 Heavy Mounted Crossbowman
37:50 Padded Archer Armor
39:13 Chemistry
39:22 Leather Archer Armor
39:33 Cranequins
40:21 Thumb Ring
40:47 Ring Archer Armor
40:39 Ballistics
41:48 Chemistry
41:50 Caravan
Connection lost

Rejoining the realm…

Still unreachable

The connection could not be restored.

Session expired

The server has moved on; the page needs a fresh start.